 Dungeon Crawl Stone Soup version 0.31-a0-175-g9f7f995f2b (webtiles) character file.

Game seed: 11954000753581158748

59 mopl the Insei (level 4, -6/32 HPs)
             Began as a Djinni Transmuter on June 17, 2023.
             Was an Initiate of Wu Jian.
             Mangled by an orc
             ... wielding a +0 flail
              (8 damage)
             ... on level 3 of the Dungeon.
             The game lasted 00:02:29 (2035 turns).

mopl the Insei (Djinni Transmuter)                  Turns: 2035, Time: 00:02:29

Health: -6/32      AC:  2    Str: 11    XL:     4   Next: 22%
Gold:   82         EV: 12    Int: 15    God:    Wu Jian [......] SH:  0 Dex: 13

rFire   + +          .
                       - Unarmed
rCold   x . .        (no shield)
rNeg    . . .        a - +0 robe
rPois   ∞            (helmet currently unavailable)
rElec   .            (no cloak)
rCorr   .            (no gloves)
SInv    .            (boots unavailable)
Will    .....        (no amulet)
Stlth   +            (no ring)
HPRegen 0.25/turn    (no ring)
MPRegen 0.00/turn

%: infuse magic (-7 HP)
@: appendages, flying
A: horns 2, flying, sickness immunity, fire resistance 2, cold vulnerability 1,
float, innate caster, HP casting, extra vitality 1
a: End Transformation, Renounce Religion


You were on level 3 of the Dungeon.
You worshipped Wu Jian.
Wu Jian was noncommittal.
You had temporarily grown beastly horns.
You visited 1 branch of the dungeon, and saw 3 of its levels.

You collected 142 gold pieces.
You spent 60 gold pieces at shops.

Inventory:

Missiles
 m - 6 boomerangs
Armour
 a - a +0 robe (worn)
Magical Staves
 f - a staff of earth
Scrolls
 g - 4 scrolls of identify
 h - 2 scrolls of noise {unknown}
 i - a scroll of immolation
 j - a scroll of brand weapon {unknown}
 k - a scroll of enchant weapon {unknown}
 n - a scroll of acquirement {unknown}
Potions
 b - 2 potions of lignification {!q}
 c - a potion of mutation {unknown}
 d - a potion of enlightenment {unknown}
 e - a potion of cancellation {unknown}
 l - a potion of curing {unknown}
 o - a potion of magic {unknown}


   Skills:
 - Level 1.0 Fighting
 - Level 2.1 Dodging
 * Level 4.3 Unarmed Combat
 + Level 2.6 Spellcasting
 + Level 2.6 Conjurations
 + Level 2.6 Hexes
   Level 0.0 Charms
 + Level 2.6 Summonings
 + Level 2.6 Necromancy
 + Level 2.6 Translocations
 + Level 2.6 Transmutations
 + Level 2.6 Fire Magic
 + Level 2.6 Ice Magic
 + Level 2.6 Air Magic
 + Level 2.6 Earth Magic
 + Level 2.6 Poison Magic


You knew the following spells:

 Your Spells              Type           Power      Damage    Failure   Level
a - Beastly Appendage     Tmut           18%        N/A       7%          1
b - Spider Form           Tmut/Pois      9%         N/A       22%         3
d - Ice Form              Ice/Tmut       9%         N/A       56%         4
e - Necrotise             Necr           36%        1d5       7%          1
w - Wereblood             Tmut           9%         N/A       11%         2
Your spell library was empty.

Dungeon Overview and Level Annotations

Branches:
Dungeon (3/15)

Altars:
Qazlal
Trog
Wu Jian
Yredelemnul

Shops:
D:3 :*


Innate Abilities, Weirdness & Mutations

You have temporarily grown beastly horns.
You are flying.
You are immune to sickness and miasma.
You are immune to poison.
Your flesh is very heat resistant. (rF++)
You are vulnerable to cold. (rC-)
You float through the air rather than walking.
You learn spells naturally, not from books.
Your magical power is your life essence.
You have superior vitality. (+4 MHP)


Message History

No target in view!
No target in view!
No target in view!
You start resting.
An orc is nearby!
You hit the orc but do no damage. You headbutt the orc.
The orc is severely wounded.
You barely miss the orc.
The orc is lightly wounded.
The orc closely misses you. The orc hits you with a +0 flail!
You hit the orc.
The orc is moderately wounded.
The orc hits you with a +0 trident. The orc barely misses you.
You hit the orc but do no damage. You headbutt the orc.
The orc is heavily wounded.
The orc barely misses you. x2
You hit the orc but do no damage.
The orc is heavily wounded.
The orc hits you with a +0 trident.
* * * LOW HITPOINT WARNING * * *
The orc misses you.
You hit the orc but do no damage.
The orc is heavily wounded.
Your transformation is almost over.
You closely miss the orc.
The orc is heavily wounded.
The orc barely misses you. The orc misses you.
You hit the orc but do no damage. You headbutt the orc.
The orc is severely wounded.
The orc misses you. The orc closely misses you.
Casting: Beastly Appendage (safe; 7% risk of failure)
Confirm with . or Enter, or press ? or * to list all spells.
You extend your transformation's duration.
* * * LOW HITPOINT WARNING * * *
The orc hits you but does no damage. The orc hits you with a +0 flail!
* * * LOW HITPOINT WARNING * * *
You barely miss the orc. You punch the orc.
The orc is almost dead.
The orc barely misses you. The orc hits you with a +0 flail!
You die...

###.#....(#
...........
###.#....:#
....##...+#######
...## #.##...≈...
##.# ..#._o≈._.
##.## ##..o≈.o.##
....# ######o#
##..# #.#..@o# #..#
#)..#### #..# #.###
#.## #.# ##.####
##.###### ......#
#<......#
##.##.#####.......#
.........##.......#
##[...............#


You could see 2 orcs.

Vanquished Creatures
  A worm (D:3)
  2 dart slugs
  3 ball pythons
  5 bats
  7 endoplasms
  2 giant cockroaches
  4 goblins
  5 hobgoblins
  4 jackals (D:1)
  5 kobolds
  2 quokkas
  A frilled lizard (D:1)
  5 rats
46 creatures vanquished.

Notes
Turn   | Place    | Note
-------+----------+-------------------------------------------
     0 | D:1      | mopl the Djinni Transmuter began the quest for the Orb.
     0 | D:1      | mopl set off with the following spells memorised: Beastly
                  | Appendage, Wereblood, Spider Form, Ice Form.
     0 | D:1      | Reached XP level 1. HP: 17/17 MP: 0/0
    95 | D:1      | Reached XP level 2. HP: 18/22 MP: 0/0
   279 | D:1      | Found a faded altar of an unknown god.
   544 | D:1      | Reached XP level 3. HP: 13/27 MP: 0/0
   544 | D:1      | Learned a level 1 spell: Necrotise
  1290 | D:2      | Reached skill level 4 in Unarmed Combat
  1400 | D:2      | Found a basalt altar of Yredelemnul.
  1565 | D:3      | Found Pivaj's General Store.
  1570 | D:3      | Bought a scroll of identify for 20 gold pieces
  1570 | D:3      | Bought a scroll of immolation for 40 gold pieces
  1616 | D:3      | Found an ornate altar of the Wu Jian Council.
  1675 | D:3      | Reached XP level 4. HP: 25/32 MP: 0/0
  1719 | D:3      | Became a worshipper of the Wu Jian Council
  1786 | D:3      | Found Wesm's Book Boutique.
  2018 | D:3      | Found a bloodstained altar of Trog.
  2020 | D:3      | Found a stormy altar of Qazlal.
  2035 | D:3      | Mangled by an orc

Illustrated notes

Levels and vault maps discovered:
D:1:      dpeg_arrival_simpleton_c, layout_basic, ebering_ecumenical_altar_hall
D:2:      minmay_door_path, layout_rooms, basic_altar
D:3:      layout_loops_ring, lemuel_doored_altar,
          mainiacjoe_overflow_divided_tiny, serial_shops, shop,
          nicolae_square_shop

Skill      XL: |  1  2  3 |
---------------+----------+-----
Unarmed Combat | 4 |  4.3
Fighting       | |  1.0
Dodging        | |  2.1
Spellcasting   | |  2.6
Conjurations   | |  2.6
Hexes          | |  2.6
Summonings     | |  2.6
Necromancy     | |  2.6
Translocations | |  2.6
Transmutations | |  2.6
Fire Magic     | |  2.6
Ice Magic      | |  2.6
Air Magic      | |  2.6
Earth Magic    | |  2.6
Poison Magic   | |  2.6

Action                     |  1- 3 |  4- 6 || total
---------------------------+-------+-------++-------
  Melee: Unarmed           |   126 |    24 ||   150
         Headbutt          |    14 |     5 ||    19
         Punch             |     3 |     2 ||     5
   Cast: Beastly Appendage |    24 |     5 ||    29
         Wereblood         |     1 |       ||     1
Ability: Lunge             |       |     2 ||     2
   Stab: Sleeping          |     1 |     1 ||     2
 Armour: Robe              |    24 |     3 ||    27
  Dodge: Dodged            |    71 |    21 ||    92

Table legend: (Time is in decaauts)
 A = Elapsed time spent in this place.
 B = Non-inter-level travel time spent in this place.
 C = Inter-level travel time spent in this place.
 D = Time resting spent in this place.
 E = Time spent auto-exploring this place.
 F = Levels seen in this place.
 G = Mean time per level.
                   A        B        C        D        E       F      G
               +--------+--------+--------+--------+--------+-----+--------+
         Total |   2023 |   1925 |     98 |    127 |   1461 |   3 |  674.3 |
       Dungeon |   2023 |   1925 |     98 |    127 |   1461 |   3 |  674.3 |
               +--------+--------+--------+--------+--------+-----+--------+

Top non-repeatable levels by time:
     D:1: 908 daAuts
     D:2: 565 daAuts
     D:3: 549 daAuts
